 Dungeon Sprint DCSS version 0.30-a0-920-g7493c07aab (webtiles) character file.

Game seed: 11909907423769497266

1218 dialectric the Fighter (level 8, 0/60 HPs)
             Began as a Gargoyle Fighter on Mar 21, 2023.
             Was a Believer of Trog.
             Slain by a flying skull (7 damage)
             ... in the Dungeon (Sprint II: "The Violet Keep of Menkaure").
             The game lasted 00:01:20 (191 turns).

dialectric the Fighter (Gargoyle Fighter)            Turns: 191, Time: 00:01:21

Health: 0/60       AC: 14    Str: 21    XL:     8   Next: 46%
Magic:  8/8        EV: 11    Int:  8    God:    Trog [**....]
Gold:   486        SH:  0    Dex: 11    Spells: 7/7 levels left

rFire   . . .      SeeInvis .    a - +0 long sword
rCold   . . .      Faith    .    (no shield)
rNeg    + . .      Spirit   .    b - +0 scale mail
rPois   ∞          Reflect  .    (no helmet)
rElec   +          Rampage  .    (no cloak)
rCorr   .          NoTele   +    (no gloves)
Will    .....                    (no boots) Stlth
                                 (no amulet)
HPRegen 0.30/turn                (no ring)
MPRegen 0.11/turn                (no ring)

@: hasted, very quick
A: sickness immunity, AC +5, negative energy resistance 1, electricity
resistance, torment resistance 1, petrification resistance
a: Renounce Religion, Berserk, Trog's Hand


You were in the Dungeon.
You worshipped Trog.
Trog was pleased with you.
You visited 1 branch You collected 486 gold pieces.

Inventory:

Hand Weapons
 a - a +0 long sword (weapon)
Armour
 b - a +0 scale mail (worn)
 c - a +0 buckler
Scrolls
 j - a scroll of blinking
Potions
 h - 2 potions of magic


   Skills:
 + Level 11.5 Fighting
 + Level 9.6 Long Blades
 + Level 11.2 Armour
 + Level 4.3 Dodging
 - Level 4.0 Shields


You had 7 spell levels left.
You didn't know any spells.
Your spell library was empty.

Dungeon Overview and Level Annotations

Branches:
Dungeon (1/1)

Altars:
Cheibriados
Dithmenos
Elyvilon
Fedhas
Gozag
Hepliaklqana
Kikubaaqudgha
Makhleb
Nemelex Xobeh
Okawaru
Qazlal
Ru
Sif Muna
Trog
Uskayaw
Vehumet
Wu Jian
Xom
Yredelemnul
Zin
The Shining One
Jiyva
Lugonu

Annotations:
D exclusion: orange crystal statue


Innate Abilities, Weirdness & Mutations

You are immune to sickness and miasma.
Your stone body is resilient. (AC +5)
You are immune to poison.
You resist negative energy. (rN+)
You are resistant to electric shocks. (rElec)
You are resistant to unholy torment.
You are immune to petrification.


Message History

Things that are here:
a necrophage corpse; a wyvern corpse; a wyvern corpse
There is an open door here. 4 flying skulls come into view.
Found 243 gold pieces.
The flying skull gives a hideous shriek! x4
You hear a hideous shriek! x3
A flying skull comes into view.
The flying skull moves out of view.
You closely miss the flying skull.
A flying skull comes into view.
The flying skull completely misses you.
A flying skull comes into view.
There is an open door here.
Unknown command.
The flying skull barely misses you.
You feel yourself speed up. The flying skull hits you!
* * * LOW HITPOINT WARNING * * *
Unknown command.
There is an open door here.
Things that are here:
a worm corpse; a worm corpse You slash the flying skull!
The flying skull is heavily damaged.
The flying skull barely misses you.
You miss the flying skull.
The flying skull is heavily damaged.
The flying skull hits you but does no damage.
You slash the flying skull!
The flying skull is severely damaged.
The flying skull hits you but does no damage.
You hit the flying skull.
The flying skull is almost destroyed.
The flying skull hits you.
* * * LOW HITPOINT WARNING * * *
You slash the flying skull!
You destroy the flying skull!
Trog accepts your kill.
You closely miss the flying skull. The flying skull hits you!
You die...

≈≈§§≈≈≈≈≈ # ≈§≈≈≈
###~~#+++#+++##
##~~~.........#
.#~~~~.##'##..#
.#~~~~##...##.####
.
.#~~~~#..#..#....#
.
.#~~####.).####..##
#
.#~##@###'###.##..#
+ .#~
##z##.##.#.#..# #
.+
##zz<.†###'..####
#...##.##.#.#....##
##.# #'###.##......
## #.#.####~~.....
#..#z.#†~~~§~~.§
##.$z##~~~~~~~~.
##'##~~~≈§§§§§~


You could see 3 flying skulls.

Vanquished Creatures
  A merfolk siren (D)
  A flying skull (D)
  2 wyverns (D)
  Menkaure (D)
  A water moccasin (D)
  4 necrophages (D)
  3 worms (D)
13 creatures vanquished.

Vanquished Creatures (others)
  A water moccasin (D)
1 creature vanquished.

Grand Total: 14 creatures vanquished

Notes
Turn   | Place    | Note
-------+----------+-------------------------------------------
     0 | D        | dialectric the Gargoyle Fighter began the quest for the
                  | Orb.
     0 | D        | Reached XP level 1. HP: 14/14 MP: 1/1
    15 | D        | Reached XP level 2. HP: 11/20 MP: 2/2
    23 | D        | Noticed a wyvern
    23 | D        | Noticed a wyvern
    28 | D        | Killed a wyvern
    29 | D        | Reached XP level 3. HP: 19/28 MP: 3/3
    29 | D        | Reached XP level 4. HP: 22/32 MP: 4/4
    29 | D        | Reached XP level 5. HP: 25/37 MP: 5/5
    32 | D        | Killed a wyvern
    33 | D        | Reached skill level 5 in Long Blades
    33 | D        | Reached XP level 6. HP: 16/45 MP: 6/6
    44 | D        | Noticed a merfolk siren
    52 | D        | Killed a merfolk siren
    53 | D        | Reached skill level 10 in Fighting
    53 | D        | Reached skill level 10 in Armour
    53 | D        | Reached XP level 7. HP: 34/53 MP: 7/7
    57 | D        | Noticed an orange crystal statue
    83 | D        | Found an iron altar of Okawaru.
    83 | D        | Found an opulent altar of Gozag.
    84 | D        | Found a sparkling altar of Nemelex Xobeh.
    84 | D        | Found a blossoming altar of Fedhas.
    85 | D        | Found a radiant altar of Vehumet.
    85 | D        | Found a burning altar of Makhleb.
    85 | D        | Found a white marble altar of Elyvilon.
    86 | D        | Found a hide-covered altar of Uskayaw.
    86 | D        | Found a corrupted altar of Lugonu.
    86 | D        | Found a shadowy altar of Dithmenos.
    87 | D        | Found a glowing silver altar of Zin.
    87 | D        | Found a bloodstained altar of Trog.
    87 | D        | Found an ancient bone altar of Kikubaaqudgha.
    88 | D        | Found a basalt altar of Yredelemnul.
    88 | D        | Found a shimmering blue altar of Sif Muna.
    88 | D        | Found a viscous altar of Jiyva.
    89 | D        | Found a shimmering altar of Xom.
    89 | D        | Found a sacrificial altar of Ru.
    91 | D        | Found a glowing golden altar of the Shining One.
    91 | D        | Found an ornate altar of the Wu Jian Council.
    91 | D        | Found a stormy altar of Qazlal.
    91 | D        | Found a snail-covered altar of Cheibriados.
    91 | D        | Found a hazy altar of Hepliaklqana.
    97 | D        | Became a worshipper of Trog the Wrathful
   118 | D        | Noticed Menkaure
   145 | D        | Reached XP level 8. HP: 45/59 MP: 8/8
   150 | D        | Reached * piety under Trog
   161 | D        | Killed Menkaure
   172 | D        | Reached ** piety under Trog
   177 | D        | Noticed a flying skull
   177 | D        | Noticed a flying skull
   177 | D        | Noticed a flying skull
   177 | D        | Noticed a flying skull
   177 | D        | Noticed a flying skull
   178 | D        | Noticed a flying skull
   178 | D        | Noticed a flying skull
   190 | D        | Killed a flying skull
   191 | D        | Slain by a flying skull

Illustrated notes

Levels and vault maps discovered:
D:        the_violet_keep_of_menkaure [sprint2_stairs_cluster_1,
          sprint2_shoproom, sprint2_temple, sprint2_basic_supplies,
          sprint2_obstacle_1, sprint2_obstacle_5, sprint2_obstacle_4,
          sprint2_obstacle_2, sprint2_obstacle_7, sprint2_timed_cluster_1,
          sprint2_smallroom_cluster_1, sprint2_smallroom_final_cluster_1,
          sprint2_transparent_cluster_1, sprint2_second_timed_cluster_1,
          sprint2_sniper_area_1, sprint2_heavy_combat_area_1,
          sprint2_mutation_trap_area_1, sprint2_forest_area_1,
          sprint2_light_combat_area_1, sprint2_behind_water_1,
          sprint2_near_end_vault_1]

Skill      XL: |  1  2  3  4  5  6  7  8 |
---------------+-------------------------+-----
Long Blades    | 2 4 5 7 8 9 |  9.6
Fighting       | 4 6 8 10 11 | 11.5
Armour         | 4 6 8 10 11 | 11.2
Shields        | 4 |  4.0
Dodging        | 3 4 |  4.3

Action                     |  1- 3 |  4- 6 |  7- 9 || total
---------------------------+-------+-------+-------++-------
  Melee: Long sword        |    11 |    11 |    69 ||    91
         Punch             |       |     1 |     1 ||     2
    Use: Potion            |     3 |     1 |     1 ||     5
 Armour: Scale mail        |     1 |     1 |    26 ||    28
  Dodge: Dodged            |     2 |     2 |    30 ||    34

Table legend: (Time is in decaauts)
 A = Elapsed time spent in this place.
 B = Non-inter-level travel time spent in this place.
 C = Inter-level travel time spent in this place.
 D = Time resting spent in this place.
 E = Time spent auto-exploring this place.
 F = Levels seen in this place.
 G = Mean time per level.
                   A        B        C        D        E       F      G
               +--------+--------+--------+--------+--------+-----+--------+
         Total |    204 |    204 |      0 |      0 |      0 |   1 |  204.0 |
       Dungeon |    204 |    204 |      0 |      0 |      0 |   1 |  204.0 |
               +--------+--------+--------+--------+--------+-----+--------+

Top non-repeatable levels by time:
       D: 204 daAuts
